 Dungeon Crawl Stone Soup version 0.25-a0-701-gb30f108f01 (webtiles) character file.

Game seed: 17302475148788863106, levelgen mode: deterministic

15079 kae the Grappler (level 11, 0/91 (92) HPs)
             Began as a Grey Draconian Transmuter on Apr 3, 2020.
             Was a Believer of Uskayaw.
             Slain by an ice devil (12 damage)
             ... in an ice cave.
             The game lasted 00:17:26 (14464 turns).

kae the Grappler (Grey Draconian Transmuter)       Turns: 14464, Time: 00:17:27

HP:   0/91 (92)     AC:  5    Str: 14    XL:     11   Next: 97%
MP:   31/33         EV: 10    Int: 14    God:    Uskayaw [**....]
Gold: 678           SH:  0    Dex: 13    Spells: 11/28 levels left

rFire    x . .     SeeInvis .     - Unarmed
rCold    + + +     Gourm    .   (shield currently unavailable)
rNeg     . . .     Faith    .   (armour unavailable)
rPois    +         Spirit   .   (helmet currently unavailable)
rElec    .         Reflect  .   (cloak currently unavailable)
rCorr    .         Harm     .   (gloves currently unavailable)
MR       .....                  (boots currently unavailable)
Stlth    +.........             u - amulet of regeneration
HPRegen  0.65/turn              b - ring of wizardry
MPRegen  0.23/turn              y - ring of magical power

@: ice-form
A: large, (walk through water), unfitting armour, AC +12
a: End Transformation, Stomp, Line Pass, Renounce Religion


You were in an ice cave.
You worshipped Uskayaw.
Uskayaw was noncommittal.
You were near starving.
You were a creature of crystalline ice.
You visited 3 branches of the dungeon, and saw 13 of its levels.
You also visited: Sewer and Ice Cave.

You collected 975 gold pieces.
You spent 297 gold pieces at shops.

Inventory:

Missiles
 r - 95 arrows
Armour
 a - the +0 pair of boots of Intercession (melded) {rPois rF+ Int-4 Dex+5}
   (You found it on level 4 of the Dungeon)

   It affects your intelligence (-4).
   It affects your dexterity (+5).
   It protects you from fire.
   It protects you from poison.
 h - a +0 pair of gloves (melded)
 l - a +0 cloak (melded)
Jewellery
 b - a ring of wizardry (left front paw)
 u - an amulet of regeneration (around neck)
 y - a ring of magical power (right front paw)
 B - an uncursed ring of resist corrosion
 C - a cursed amulet of inaccuracy {unknown}
 E - an uncursed amulet of faith {unknown}
 I - an uncursed ring of fire {unknown}
Wands
 d - a wand of iceblast (24)
 g - a wand of paralysis (11)
 n - a wand of clouds (3)
 o - a wand of polymorph (16)
 t - a wand of random effects (8)
 A - a wand of enslavement (8)
 D - a wand of flame (20)
Scrolls
 e - 2 scrolls of teleportation
 i - 3 scrolls of remove curse
 m - 4 scrolls of enchant weapon
 G - 3 scrolls of fog
Potions
 f - 6 potions of brilliance
 j - 3 potions of stabbing
 k - a potion of might
 p - 2 potions of lignification
 q - 8 potions of curing
 s - 6 potions of flight
 v - 2 potions of ambrosia
 w - 2 potions of heal wounds
 x - a potion of mutation {unknown}
 F - a potion of magic {unknown}
Miscellaneous
 z - a tin of tremorstones
Comestibles
 c - 24 rations


   Skills:
 - Level 1.1 Fighting
 - Level 1.7 Dodging
 * Level 13.7 Unarmed Combat
 + Level 9.2 Spellcasting
 + Level 10.0 Transmutations


You had 11 spell levels left.
You knew the following spells:

 Your Spells              Type           Power        Failure   Level  Hunger
a - Beastly Appendage     Tmut           ####..       1%          1    None
b - Sticks to Snakes      Tmut           ####....     1%          2    None
c - Spider Form           Tmut/Pois      ###.......   1%          3    ##.....
d - Ice Form              Ice/Tmut       ###.....     6%          4    ####...
e - Blade Hands           Tmut           ####......   1%          5    #####..
f - Blink                 Tloc           N/A          7%          2    None

Your spell library contained the following spells:

 Spells                   Type           Power        Failure   Level  Hunger
 Magic Dart               Conj           #...         4%          1    None
 Searing Ray              Conj           #.....       7%          2    None
 Shroud of Golubria       Chrm/Tloc      #.....       7%          2    None
 Dazzling Flash           Conj/Hex       #.....       14%         3    ##.....
 Gell's Gravitas          Tloc           #.........   14%         3    ##.....
 Lesser Beckoning         Tloc           #.........   14%         3    ##.....
 Teleport Other           Tloc           #.......     14%         3    ##.....
 Fulminant Prism          Conj/Hex       #.........   41%         4    ####...
 Iskenderun's Mystic Bla  Conj/Tloc      #.......     41%         4    ####...
 Passage of Golubria      Tloc           N/A          41%         4    ####...


Dungeon Overview and Level Annotations

Branches:
Dungeon (10/15)            Temple (1/1) D:5            Lair (2/6) D:8
    Orc (0/2) D:9           Sewer (visited)           IceCv (1/1)
  Swamp: Lair:2-4    Shoals: Lair:2-4     Snake: Lair:2-4    Spider: Lair:2-4

Altars:
Ashenzari
Cheibriados
Dithmenos
Elyvilon
Fedhas
Gozag
Hepliaklqana
Kikubaaqudgha
Makhleb
Nemelex Xobeh
Okawaru
Qazlal
Ru
Sif Muna
Trog
Uskayaw
Vehumet
Wu Jian
Xom
Yredelemnul
Zin
The Shining One

Shops:
D:6 *!*[

Portals:
Trove: D:10 (give +6 demon trident)

Annotations:
D:8 3 runed translucent doors, Scuka's ghost, novice DrAK


Innate Abilities, Weirdness & Mutations

((You can walk through water.))
((Your dull iron-grey scales are very hard. (AC +12)))
You cannot fit into any form of body armour.
((You can survive without breathing.))
((You are cold-blooded and may be slowed by cold attacks.))


Message History

The ice devil is heavily wounded.
The ice devil barely misses you.
You barely miss the ice devil.
The ice devil is heavily wounded.
The ice devil hits you. The ice devil freezes you. You resist.
* * * LOW HITPOINT WARNING * * *
You punch the ice devil!
The ice devil is heavily wounded.
Your magical contamination has completely faded away.
You can now pass through a line of other dancers.
You barely miss the ice devil.
The ice devil is heavily wounded.
The ice devil hits you!
* * * LOW HITPOINT WARNING * * *
The ice devil freezes you. You resist.
* * * LOW HITPOINT WARNING * * *
You closely miss the ice devil.
The ice devil is heavily wounded.
The ice devil hits you!
You die...

# #.##
#...#.○§####°.# ..#
#...#§.°§.☼.§.# # §§§
##...#§..§°§°§## #
§§§ #....###☼.#§.§#
##§§§##......##§#°§##
.# ##..#.....#○#°§#
.# ##..###.....○○###
.###...# #.....§4°#
#..#..## ##.....Y.#
#....## #......##
##..## ##.....# ####
##...## ##.## ###


You could see an ice devil.

Vanquished Creatures
  A two-headed ogre (D:6)
  A skeletal warrior (D:10)
  Pikel (D:6)
  2 ice statues (IceCv)
  A black mamba (Lair:1)
  Joseph (D:8)
  4 spiny frogs (Lair:1)
  A gargoyle (D:10)
  A komodo dragon (Lair:1)
  A rime drake (Lair:1)
  6 ice devils (IceCv)
  A troll (D:9)
  A hornet (D:10)
  Prince Ribbit (D:6)
  A hippogriff (Lair:1)
  A wyvern (D:10)
  2 hungry ghosts
  Grum (D:9)
  2 basilisks (Lair:1)
  A vampire mosquito (D:7)
  A steam dragon (D:7)
  Menkaure (D:7)
  2 wargs (D:8)
  An acid dragon (D:7)
  2 porcupines
  An ice beast (D:9)
  3 water moccasins
  3 orc warriors
  2 sky beasts (D:7)
  2 slaves (D:6)
  A black bear (D:8)
  A necrophage (D:5)
  A phantom (D:6)
  3 wolves (D:9)
  5 ogres
  5 centaurs
  3 crocodiles
  2 big kobolds
  13 bullfrogs
  A wyvern zombie (D:9)
  A scorpion (D:7)
  5 killer bees (D:7)
  11 wights
  2 howler monkeys
  8 crimson imps
  A centaur zombie (D:5)
  3 hounds
  4 jellies
  11 orc wizards
  6 orc priests
  2 centaur skeletons
  7 iguanas
  2 worker ants (D:4)
  2 hound zombies
  2 hound skeletons
  A mummy (D:8)
  2 howler monkey zombies (D:7)
  A worker ant zombie (D:9)
  6 gnolls
  13 adders
  A river rat (D:4)
  2 shadow imps
  8 white imps (IceCv)
  7 ufetubi (IceCv)
  An ooze (D:2)
  An adder skeleton (D:9)
  5 dart slugs
  8 leopard geckos
  41 orcs
  3 ball pythons
  11 giant cockroaches
  2 goblins
  5 hobgoblins
  20 jackals
  3 quokkas
  4 bats
  2 frilled lizards
  A hobgoblin zombie (D:7)
  11 kobolds
  2 orc skeletons (D:7)
  3 orc zombies (D:7)
  A quokka skeleton (D:7)
  A quokka zombie (D:9)
  11 rats
328 creatures vanquished.

Vanquished Creatures (collateral kills)
  2 adders (D:2)
  2 orcs (D:3)
  A goblin (D:2)
  A hobgoblin (D:2)
  A kobold (D:3)
7 creatures vanquished.

Vanquished Creatures (others)
  A reaper (IceCv)
  An orc wizard (D:7)
  3 white imps (IceCv)
  2 ufetubi (IceCv)
7 creatures vanquished.

Grand Total: 342 creatures vanquished

Notes
Turn   | Place    | Note
-------+----------+-------------------------------------------
     0 | D:1      | kae the Draconian Transmuter began the quest for the Orb.
     0 | D:1      | Reached XP level 1. HP: 16/16 MP: 3/3
   231 | D:1      | Reached XP level 2. HP: 23/23 MP: 3/5
   677 | D:2      | Reached XP level 3. HP: 16/28 MP: 6/6
   681 | D:2      | Learned a level 2 spell: Sticks to Snakes
   685 | D:2      | Learned a level 3 spell: Spider Form
  1115 | D:2      | Found a sparkling altar of Nemelex Xobeh.
  1136 | D:2      | Reached skill level 4 in Unarmed Combat
  1280 | D:2      | Reached XP level 4. HP: 18/35 MP: 4/7
  2634 | D:3      | Reached XP level 5. HP: 32/40 MP: 3/9
  2954 | D:3      | Reached skill level 5 in Unarmed Combat
  3083 | D:3      | Found a shimmering blue altar of Sif Muna.
  3292 | D:4      | Reached XP level 6. HP: 20/47 MP: 7/10
  3350 | D:4      | Got a pair of brightly glowing boots
  3623 | D:4      | Found a glowing drain.
  3627 | Sewer    | Entered a sewer
  3804 | Sewer    | Reached skill level 6 in Unarmed Combat
  3804 | Sewer    | Your scales start taking on a dull iron-grey colour.
  3804 | Sewer    | Reached XP level 7. HP: 38/52 MP: 10/12
  3804 | Sewer    | Gained mutation: You can survive without breathing. [Grey
                  | Draconian growth]
  3921 | Sewer    | Found a white marble altar of Elyvilon.
  4194 | D:4      | Found a basalt altar of Yredelemnul.
  4371 | D:5      | Entered Level 5 of the Dungeon
  4378 | D:5      | Identified the +0 pair of boots of Intercession {rPois rF+
                  | Int-4 Dex+5} (You found it on level 4 of the Dungeon)
  4797 | D:5      | Reached skill level 7 in Unarmed Combat
  4889 | D:5      | Found a staircase to the Ecumenical Temple.
  4911 | Temple   | Entered the Ecumenical Temple
  5090 | Temple   | Became a worshipper of Uskayaw the Reveler
  5219 | D:5      | Reached * piety under Uskayaw
  5222 | D:5      | Reached ** piety under Uskayaw
  5237 | D:5      | You fall into a shaft and drop 1 floor!
  5659 | D:5      | Reached XP level 8. HP: 58/58 MP: 10/14
  5743 | D:6      | Noticed Pikel
  5791 | D:6      | Learned a level 4 spell: Ice Form
  5812 | D:6      | Noticed a two-headed ogre
  5901 | D:6      | Reached skill level 5 in Transmutations
  5972 | D:6      | Killed a two-headed ogre
  5972 | D:6      | Reached skill level 8 in Unarmed Combat
  5972 | D:6      | Reached skill level 5 in Spellcasting
  6330 | D:6      | Killed Pikel
  6330 | D:6      | Reached skill level 9 in Unarmed Combat
  6330 | D:6      | Reached XP level 9. HP: 22/63 MP: 14/17
  6557 | D:6      | Reached *** piety under Uskayaw
  6559 | D:6      | Reached **** piety under Uskayaw
  6603 | D:6      | Found Damylo's Armour Shoppe.
  6605 | D:6      | Found Ushell's General Store.
  6611 | D:6      | Found Etaetopy's Distillery.
  6612 | D:6      | Found Ulouxop's General Store.
  6628 | D:6      | Bought a potion of heal wounds for 55 gold pieces
  6628 | D:6      | Bought a potion of ambrosia for 88 gold pieces
  6628 | D:6      | Bought 2 potions of curing for 66 gold pieces
  6643 | D:6      | Bought a scroll of identify for 22 gold pieces
  6643 | D:6      | Bought 2 potions of curing for 66 gold pieces
  6710 | D:6      | Noticed Prince Ribbit
  6722 | D:6      | Killed Prince Ribbit
  7034 | D:6      | Found a bloodstained altar of Trog.
  7241 | D:7      | Reached skill level 10 in Unarmed Combat
  7657 | D:7      | Noticed Menkaure
  7671 | D:7      | Killed Menkaure
  7681 | D:7      | Found a glowing golden altar of the Shining One.
  7898 | D:7      | Reached XP level 10. HP: 70/70 MP: 17/20
  8133 | D:7      | Reached ***** piety under Uskayaw
  8471 | D:7      | Identified the +10 great mace of Guhufext {vamp, +Blink
                  | rElec rC+++ Str-2}
  8480 | D:7      | Reached skill level 11 in Unarmed Combat
  9501 | D:8      | Found a runed translucent gate.
  9501 | D:8      | Found a runed translucent gate.
  9501 | D:8      | Found a runed translucent gate.
  9504 | D:8      | Found a staircase to the Lair.
  9626 | D:8      | Noticed Scuka's ghost (novice DrAK)
  9630 | D:8      | Noticed a cyclops
  9797 | D:8      | Found a snail-covered altar of Cheibriados.
 10047 | D:9      | Identified a scroll of acquirement
 10047 | D:9      | Identified the +10 executioner's axe "Impslayer" {vamp,
                  | *Corrode +Blink rPois Stlth+} (You acquired it on level 9
                  | of the Dungeon)
 10047 | D:9      | Identified Sif Muna's Grimoire of Floating Evil Magic (You
                  | acquired it on level 9 of the Dungeon)
 10097 | D:9      | Found a staircase to the Orcish Mines.
 10196 | D:9      | Noticed Grum
 10215 | D:9      | Killed Grum
 10215 | D:9      | Reached skill level 12 in Unarmed Combat
 10306 | D:9      | Noticed Joseph
 10459 | D:8      | Killed Joseph
 10498 | D:9      | Reached XP level 11. HP: 72/76 MP: 23/23
 10843 | D:9      | Found a faded altar of an unknown god.
 10843 | D:9      | Found a burning altar of Makhleb.
 10848 | D:9      | Found a faded altar of an unknown god.
 10850 | D:9      | Found a shimmering blue altar of Sif Muna.
 10852 | D:9      | Found a shimmering altar of Xom.
 11140 | D:10     | Entered Level 10 of the Dungeon
 11190 | D:10     | Noticed a skeletal warrior
 11728 | D:10     | Learned a level 5 spell: Blade Hands
 11731 | D:10     | Learned a level 2 spell: Blink
 12019 | D:10     | Found a shimmering altar of Xom.
 12135 | D:10     | Killed a skeletal warrior
 12402 | D:10     | Found a portal to a secret trove of treasure.
 12512 | Lair:1   | Entered Level 1 of the Lair of Beasts
 12747 | Lair:1   | Reached skill level 13 in Unarmed Combat
 13525 | Lair:2   | Found a frozen archway.
 13568 | IceCv    | Entered an ice cave
 13702 | IceCv    | Killed a reaper
 14069 | IceCv    | Reached skill level 10 in Transmutations
 14464 | IceCv    | Slain by an ice devil

Levels and vault maps discovered:
D:1:      saegor_arrival_simple_e, layout_rooms, minmay_pentomino_u4
D:2:      layout_basic, first_ration, chequers_decorated_corner,
          nemelex_dance_club_becter
D:3:      layout_loops_corners, lemuel_blue_sif_altar
D:4:      layout_basic, kennysheep_mini_moat, gup_sewer_entry_bowl
D:5:      layout_cave_pools, minmay_temple_entry_enclosed_plants
D:6:      layout_cave_pools, lemuel_doored_altar, minmay_shop_grid_forest,
          uniq_prince_ribbit1, uniq_pikel
D:7:      minmay_the_grid_triangle_9x9_rhombus_thin
          [minmay_the_grid_triangle_9x9_flanged_cone,
          minmay_the_grid_triangle_9x9_prize_center,
          minmay_the_grid_triangle_9x9_descending_squares,
          minmay_the_grid_triangle_9x9_corruption], layout_loops_ring,
          grunt_ogre_cave, st_stairs_1, nicolae_tso_besieged_by_evil,
          uniq_menkaure
D:8:      layout_gridville, slow_altar_1, erik_lair_orcish_takeover,
          gammafunk_ghost_split
D:9:      layout_stronghold, chequers_temple_overflow_minitemple, orc_0_dummy,
          lightli_corner_chamber, uniq_grum, uniq_joseph
D:10:     layout_stronghold, nicolae_trove_entry_crystal, basic_altar,
          lightli_fourway_metalbox
Temple:   regret_index_temple_sphere_string
Lair:1:   layout_regular_city
Lair:2:   layout_loops_ring, portal_ice_cave_entry_pillars_1,
          lemuel_fruit_fields
IceCv:    ice_cave_small_demon

Skill      XL: |  1  2  3  4  5  6  7  8  9 10 11 |
---------------+----------------------------------+-----
Unarmed Combat | 4 5 6 7 9 10 12 13 | 13.7
Transmutations | 3 4 6 7 8 10 | 10.0
Spellcasting   | 3 4 5 6 8 9 |  9.2
Fighting       | |  1.1
Dodging        | |  1.7

Action                   |  1- 3 |  4- 6 |  7- 9 | 10-12 || total
-------------------------+-------+-------+-------+-------++-------
Melee: Unarmed           |    88 |   194 |   269 |   501 ||  1052
       Tailslap          |     6 |    14 |     8 |    10 ||    38
       Kick              |     7 |     7 |     2 |       ||    16
       Headbutt          |     4 |     5 |     3 |       ||    12
       Punch             |     1 |     3 |     2 |     3 ||     9
 Cast: Beastly Appendage |    16 |    19 |     4 |       ||    39
       Sticks to Snakes  |     7 |     5 |       |       ||    12
       Spider Form       |       |    13 |    15 |     1 ||    29
       Ice Form          |       |       |    12 |    56 ||    68
       Blade Hands       |       |       |       |     2 ||     2
Invok: Stomp             |       |       |       |     1 ||     1
Evoke: Wand              |       |       |     1 |       ||     1
  Use: Scroll            |       |    15 |     4 |     6 ||    25
       Potion            |       |     1 |     1 |       ||     2
 Stab: Sleeping          |     1 |     1 |     1 |       ||     3
       Confused          |       |       |     3 |       ||     3
       Paralysed         |       |       |     7 |    17 ||    24
  Eat: Chunk             |     2 |    10 |    14 |    18 ||    44
       Ration            |       |       |     1 |     4 ||     5
Armor: Skin              |    41 |    54 |    56 |   106 ||   257
Dodge: Dodged            |    61 |   148 |   148 |   179 ||   536

Table legend:
 A = Non-vault XP
 B = Vault XP
 C = Vault XP percentage of total XP
 D = Non-vault monster count
 E = Vault monster count
 F = Vault count percentage of total count
                 A         B        C        D         E       F
            +---------+---------+-------+---------+---------+-------
      Total |   13145 |    8397 |  39.0 |     245 |      85 |  25.8
            +---------+---------+-------+---------+---------+-------
        D:1 |      16 |       8 |  33.3 |      11 |       3 |  21.4
        D:2 |      79 |      10 |  11.2 |      19 |       2 |   9.5
        D:3 |     208 |       0 |   0.0 |      36 |       0 |   0.0
        D:4 |     355 |      18 |   4.8 |      19 |       4 |  17.4
        D:5 |     606 |       0 |   0.0 |      18 |       0 |   0.0
        D:6 |    1530 |     949 |  38.3 |      17 |       2 |  10.5
        D:7 |    1728 |    1425 |  45.2 |      41 |      21 |  33.9
        D:8 |    1679 |    1079 |  39.1 |      30 |      11 |  26.8
        D:9 |    1166 |     536 |  31.5 |      19 |       4 |  17.4
       D:10 |    1550 |    1111 |  41.8 |      18 |       3 |  14.3
     Lair:1 |    4085 |       0 |   0.0 |      16 |       0 |   0.0
     Lair:2 |     143 |       0 |   0.0 |       1 |       0 |   0.0
      Sewer |       0 |     111 | 100.0 |       0 |      12 | 100.0
      IceCv |       0 |    3150 | 100.0 |       0 |      23 | 100.0
            +---------+---------+-------+---------+---------+-------
